 Dungeon Crawl Stone Soup version 0.29.1-2-gbd0b4ee654 (webtiles) character file.

Game seed: 14912913290339176552

303 funnyparkerb the Shooter (level 6, -6/44 HPs)
             Began as a Formicid Hunter on Nov 17, 2022.
             Killed from afar by Robin (8 damage)
             ... with a puff of flame
             ... on level 3 of the Dungeon.
             The game lasted 00:03:30 (1683 turns).

funnyparkerb the Shooter (Formicid Hunter)          Turns: 1683, Time: 00:03:30

Health: -6/44      AC:  4    Str: 14 (16) XL:     6   Next: 66%
Magic:  6/6        EV: 12    Int:  5 (8)  God:
Gold:   112        SH:  0    Dex: 16 (19) Spells: 5/5 levels left

rFire   . . .      SeeInvis +   a - +0 shortbow
rCold   . . .      Faith    .   (no shield)
rNeg    . . .      Spirit   .   c - +0 leather armour
rPois   .          Reflect  .   (helmet unavailable)
rElec   .          Harm     .   (no cloak)
rCorr   .          Rampage  .   m - +0 pair of gloves
Will    .....                   (no boots)
Stlth   ++........              f - amulet of regeneration
HPRegen 0.94/turn               (no ring)
MPRegen 0.10/turn               (no ring)

@: brilliant
A: permanent stasis, dig shafts and tunnels, antennae 3, four strong arms
a: Dig, Shaft Self


You were on level 3 of the Dungeon.
You visited 1 branch of the dungeon, and saw 3 of its levels.

You collected 112 gold pieces.

Inventory:

Hand Weapons
 a - a +0 shortbow (weapon)
Armour
 c - a +0 leather armour (worn)
 m - a +0 pair of gloves (worn)
Jewellery
 f - an amulet of regeneration (around neck)
 o - an amulet of faith
Scrolls
 b - 3 scrolls of immolation
 d - 5 scrolls of teleportation {unknown}
 e - a scroll of poison {unknown}
 i - 2 scrolls of enchant weapon {unknown}
 j - a scroll of silence {unknown}
 k - a scroll of amnesia {unknown}
 l - 3 scrolls of identify {unknown}
 n - a scroll of enchant armour {unknown}
Potions
 g - a potion of might {unknown}
 p - a potion of heal wounds {unknown}


   Skills:
 - Level 2.1 Fighting
 + Level 7.5 Ranged Weapons
 - Level 1.7 Dodging
 - Level 1.2 Stealth


You had 5 spell levels left.
You didn't know any spells.
Your spell library contained the following spells:

 Spells                   Type           Power      Damage    Failure   Level
 Magic Dart               Conj           0%         1d3       56%         1
 Call Imp                 Summ           0%         N/A       71%         2
 Searing Ray              Conj           0%         2d4       71%         2
 Mephitic Cloud           Conj/Pois/Air  0%         N/A       90%         3
 Cause Fear               Hex            0%         N/A       100%        4
 Fulminant Prism          Conj/Hex       0%         3d6       100%        4
 Dispersal                Tloc           0%         N/A       100%        6
 Dragon Form              Tmut           0%         N/A       100%        7
 Discord                  Hex            0%         N/A       100%        8
 Dragon's Call            Summ           0%         N/A       100%        9


Dungeon Overview and Level Annotations

Branches:
Dungeon (3/15)

Altars:
Zin

Annotations:
D:2 Terence
D:3 Robin


Innate Abilities, Weirdness & Mutations

You cannot be hasted, slowed, berserked, paralysed or teleported.
You can dig through walls and to a lower floor.
You have a pair of large antennae on your head. (SInv)
Your four strong arms can wield two-handed weapons with a shield.


Message History

The goblin hits you with a +0 club.
You are too injured to fight recklessly!
You are too injured to fight recklessly!
Okay, then.
Okay, then.
Okay, then.
Fire: a) +0 shortbow
Press: ? - help, Shift-Dir - straight line, f - Robin
Aim: Robin, wielding a +0 spear, wearing a +0 animal skin, wearing a +0 helmet and carrying a wand of flame (8) (lightly wounded, 72% to hit)
You shoot an arrow. The arrow barely misses Robin.
Robin hits you from afar with a +0 spear.
The goblin barely misses you.
Fire: a) +0 shortbow
Press: ? - help, Shift-Dir - straight line, f/p - Robin
Aim: Robin, wielding a +0 spear, wearing a +0 animal skin, wearing a +0 helmet and carrying a wand of flame (8) (lightly wounded, 72% to hit)
You shoot an arrow. The arrow hits Robin.
Robin is moderately wounded.
Robin barely misses you. The goblin hits you with a +0 club.
* * * LOW HITPOINT WARNING * * *
Fire: a) +0 shortbow
Press: ? - help, Shift-Dir - straight line, f/p - Robin
Aim: Robin, wielding a +0 spear, wearing a +0 animal skin, wearing a +0 helmet and carrying a wand of flame (8) (moderately wounded, 72% to hit)
You shoot an arrow. The arrow hits Robin.
Robin is heavily wounded.
Robin zaps a wand.
The puff of flame hits you!
* * * LOW HITPOINT WARNING * * *
The goblin hits you with a +0 club.
* * * LOW HITPOINT WARNING * * *
Okay, then.
Okay, then.
It was a potion of brilliance.
You feel clever all of a sudden.
Robin hits you from afar with a +0 spear.
* * * LOW HITPOINT WARNING * * *
The goblin closely misses you.
It was a potion of degeneration.
There was something very wrong with that liquid.
You feel weakened.
You feel dopey.
You feel clumsy.
Robin zaps a wand.
The puff of flame hits you!
You die...

#.# #.# #.#
##########.########
...................
........##..####### #
#######.##..# #
###..#######.##..######.
.))..g)@g..............#
###.#.##########.######.
# #.# ## #.# # #.# # #.#
# #.. . ### . .


You could see Robin and a goblin (strong).

Vanquished Creatures
  Sigmund (D:3)
  5 adders
  3 worms (D:2)
  A dart slug (D:3)
  An orc (D:3)
  8 bats
  4 endoplasms
  2 giant cockroaches (D:2)
  12 goblins
  6 hobgoblins
  2 jackals (D:2)
  8 kobolds
  5 quokkas
  5 ball pythons
  3 frilled lizards
  9 rats
75 creatures vanquished.

Vanquished Creatures (others)
  A demonic plant (D:1)
  19 plants (D:2)
20 creatures vanquished.

Grand Total: 95 creatures vanquished

Notes
Turn   | Place    | Note
-------+----------+-------------------------------------------
     0 | D:1      | funnyparkerb the Formicid Hunter began the quest for the
                  | Orb.
     0 | D:1      | Reached XP level 1. HP: 16/16 MP: 1/1
    87 | D:1      | Reached XP level 2. HP: 22/22 MP: 2/2
   337 | D:1      | Reached XP level 3. HP: 27/27 MP: 3/3
   683 | D:1      | Found a faded altar of an unknown god.
   683 | D:1      | Noticed a sun demon
   748 | D:2      | Noticed Terence
   759 | D:2      | Reached skill level 5 in Ranged Weapons
   765 | D:2      | Found a glowing silver altar of Zin.
  1002 | D:2      | Reached XP level 4. HP: 33/33 MP: 4/4
  1012 | D:2      | Identified the +0 short sword of Tomorrow {spect, Fly rPois
                  | Will- Dex+6}
  1408 | D:3      | Got the Vellum of Dramatic Exits
  1479 | D:3      | Reached XP level 5. HP: 38/38 MP: 5/5
  1496 | D:3      | Reached skill level 6 in Ranged Weapons
  1513 | D:3      | Noticed Sigmund
  1518 | D:3      | Killed Sigmund
  1519 | D:3      | Reached skill level 7 in Ranged Weapons
  1519 | D:3      | Reached XP level 6. HP: 42/44 MP: 6/6
  1668 | D:3      | Noticed Robin
  1682 | D:3      | HP: 1/44 [Robin/+0 spear (4)]
  1683 | D:3      | Killed from afar by Robin

Illustrated notes

Levels and vault maps discovered:
D:1:      dpeg_arrival_ratfight, layout_basic,
          dreamdust_ecumenical_altar_sealed_demon, minmay_misc_feat_doors,
          kennysheep_decorative_pillar, st_stairs_2
D:2:      layout_rooms, basic_altar, serial_bayou_lake_a, uniq_terence
D:3:      layout_loops_ring, nicolae_ru_the_path_less_chosen, uniq_robin,
          uniq_sigmund

Skill      XL: |  1  2  3  4  5 |
---------------+----------------+-----
Ranged Weapons | 5 7 |  7.5
Fighting       | |  2.1
Dodging        | |  1.7
Stealth        | |  1.2

Action                   |  1- 3 |  4- 6 || total
-------------------------+-------+-------++-------
 Fire: Shortbow          |    95 |   102 ||   197
 Abil: Dig               |     6 |       ||     6
  Use: Potion            |       |     2 ||     2
Armor: Leather armour    |     9 |    15 ||    24
Dodge: Dodged            |    24 |    44 ||    68
